 Dungeon Crawl Stone Soup version 0.31-a0-1620-gcbf77bbcfc (webtiles) character file.

Game seed: 13573151966788745302

478 theswoord the Twirler (level 6, 0/66 HPs)
             Began as a Demonspawn Gladiator on Jan 11, 2024.
             Slain by a gnoll
             ... wielding a +0 halberd
              (9 damage)
             ... on level 4 of the Dungeon.
             The game lasted 00:04:11 (2906 turns).

theswoord the Twirler (Demonspawn Gladiator)        Turns: 2906, Time: 00:04:12

Health: 0/66       AC:  6    Str: 15 (16) XL:     6   Next: 85%
Magic:  6/6        EV: 12    Int:  7 (8)  God:
Gold:   166        SH:  5    Dex: 12 (15) Spells: 5/5 levels left

rFire   . . .        a - +1 quarterstaff (heavy)
rCold   . . .        (shield currently unavailable)
rNeg    . . .        m - +0 troll leather armour
rPois   .            c - +0 helmet
rElec   .            f - scarf {repulsion}
rCorr   .            (no gloves)
SInv    .            (no boots)
Will    .....        r - amulet of reflection Stlth
                     (no ring)
HPRegen 1.11/turn    (no ring)
MPRegen 0.10/turn

%: repel missiles, reflection
@: berserking, very quick
A: sharp scales 2
a: no special abilities


You were on level 4 of the Dungeon.
You visited 1 branch of the dungeon, and saw 4 of its levels.

You collected 166 gold pieces.

Inventory:

Hand Weapons
 a - a +1 heavy quarterstaff (weapon)
Missiles
 d - 3 throwing nets (quivered)
 e - a javelin
Armour
 b - a +0 leather armour
 c - a +0 helmet (worn)
 f - a scarf of repulsion (worn)
 m - a +0 troll leather armour (worn)
Jewellery
 l - a ring of wizardry
 p - an amulet of faith
 r - an amulet of reflection (around neck)
Talismans
 g - a blade talisman
Wands
 u - a wand of roots (13)
Scrolls
 n - a scroll of teleportation
 o - a scroll of enchant weapon
 q - a scroll of amnesia
 s - a scroll of brand weapon
Potions
 j - 2 potions of mutation


   Skills:
 - Level 2.0 Fighting
 + Level 7.2 Staves
 - Level 1.7 Throwing
 - Level 2.6 Dodging


You had 5 spell levels left.
You didn't know any spells.
Your spell library was empty.

Dungeon Overview and Level Annotations

Branches:
Dungeon (4/15)
 Temple: D:4-7

Altars:
Dithmenos
Wu Jian


Innate Abilities, Weirdness & Mutations

You are mostly covered in razor-sharp scales. (AC +2, Slay +2)


Message History

The gnoll hits you from afar with a +0 spear.
The gnoll hits you from afar with a +0 halberd!
* * * LOW HITPOINT WARNING * * *
The gnoll hits you from afar with a +0 halberd!
* * * LOW HITPOINT WARNING * * *
The adder barely misses you.
It was a potion of curing.
You feel better. You block the gnoll's attack.
The gnoll hits you from afar with a +0 spear!
* * * LOW HITPOINT WARNING * * *
The gnoll closely misses you. The adder bites you but does no damage.
It was a potion of degeneration.
There was something very wrong with that liquid.
You feel weakened.
You feel dopey.
You feel clumsy. The adder closely misses you.
The gnoll hits you from afar with a +0 spear.
* * * LOW HITPOINT WARNING * * *
The gnoll completely misses you.
The gnoll hits you from afar with a +0 halberd.
* * * LOW HITPOINT WARNING * * *
The adder barely misses you.
It was a potion of heal wounds.
You feel much better. The gnoll barely misses you.
The gnoll hits you from afar with a +0 halberd!
* * * LOW HITPOINT WARNING * * *
The gnoll barely misses you. The adder bites you but does no damage.
A red film seems to cover your vision as you go berserk!
You feel yourself moving faster!
You feel mighty!
The gnoll hits you from afar with a +0 spear.
* * * LOW HITPOINT WARNING * * *
The gnoll hits you from afar with a +0 halberd!
* * * LOW HITPOINT WARNING * * *
The gnoll completely misses you. The adder bites you but does no damage.
You bludgeon the adder!!
You kill the adder!
The gnoll throws a throwing net.
The throwing net barely misses you. The gnoll barely misses you. x2
The gnoll misses you. The gnoll hits you with a +0 halberd.
* * * LOW HITPOINT WARNING * * *
The gnoll hits you with a +0 halberd!
You die...

****,*,**,*,*** #####.####
*#...##.#*.###.....#
**###.<#...##.........#
*,,..........##.##.#..#
*,**#............:....#
*,* #..<.....##.##†#..#
*,###........###.#.#..#
*,#.....ggg#.#........#
*,..?....@.#.#.###....###
**,..###....#.#...#......#
*,,,,* #......#*#........#
*,,,.###......# #........#
*,,,........(####........#
***...#.....####.......#.#
*...............>....#.#
*.#.#...######†..###.#.#
*,#.##.#* #.........#


You could see 3 gnolls.

Vanquished Creatures
  Sigmund (D:2)
  A scorpion (D:4)
  A hound (D:4)
  2 orc priests (D:3)
  Natasha (twice) (D:3)
  Robin (D:2)
  4 adders
  2 ribbon worms
  9 orcs (D:3)
  8 endoplasms
  3 giant cockroaches
  6 hobgoblins
  4 jackals (D:4)
  5 ball pythons
  2 bats (D:1)
  4 frilled lizards
  7 goblins
  2 kobolds
  4 rats
68 creatures vanquished.

Notes
Turn   | Place    | Note
-------+----------+-------------------------------------------
     0 | D:1      | theswoord the Demonspawn Gladiator began the quest for the
                  | Orb.
     0 | D:1      | Reached XP level 1. HP: 16/16 MP: 1/1
   133 | D:1      | Reached skill level 3 in Staves
   272 | D:1      | Gained mutation: You are partially covered in razor-sharp
                  | scales. (AC +1, Slay +1) [demonic ancestry]
   272 | D:1      | Reached XP level 2. HP: 19/22 MP: 2/2
  1315 | D:2      | Noticed Robin
  1318 | D:2      | Reached XP level 3. HP: 25/27 MP: 3/3
  1331 | D:2      | Killed Robin
  1332 | D:2      | Reached skill level 4 in Staves
  1754 | D:2      | Noticed Sigmund
  1759 | D:2      | Killed Sigmund
  1760 | D:2      | Reached skill level 5 in Staves
  1760 | D:2      | Reached XP level 4. HP: 14/33 MP: 4/4
  1760 | D:2      | Reached XP level 5. HP: 17/38 MP: 5/5
  1990 | D:3      | Found an ornate altar of the Wu Jian Council.
  2001 | D:3      | Reached skill level 6 in Staves
  2120 | D:3      | Found a shadowy altar of Dithmenos.
  2123 | D:3      | Noticed Natasha
  2128 | D:3      | Killed Natasha
  2129 | D:3      | Gained mutation: You are mostly covered in razor-sharp
                  | scales. (AC +2, Slay +2) [demonic ancestry]
  2129 | D:3      | Reached XP level 6. HP: 39/44 MP: 6/6
  2512 | D:3      | Noticed Natasha
  2517 | D:3      | Killed Natasha
  2878 | D:4      | Reached skill level 7 in Staves
  2902 | D:4      | HP: 2/44 [gnoll/+0 halberd (6)]
  2906 | D:4      | Slain by a gnoll

Skill      XL: |  1  2  3  4  5  6 |
---------------+-------------------+-----
Staves         | 3 5 6 7 |  7.2
Fighting       | |  2.0
Throwing       | |  1.7
Dodging        | |  2.6

Action                     |  1- 3 |  4- 6 || total
---------------------------+-------+-------++-------
  Melee: Quarterstaff      |   102 |    78 ||   180
    Use: Scroll            |     3 |     4 ||     7
         Potion            |       |     5 ||     5
   Stab: Sleeping          |     1 |     1 ||     2
 Armour: Leather armour    |    55 |       ||    55
         Troll leather arm |       |    90 ||    90
  Dodge: Dodged            |    50 |    81 ||   131
  Block: Other             |       |     9 ||     9
         Reflection        |       |     1 ||     1

Levels and vault maps discovered:
D:1:      roderic_chinese_lattice_arrival, layout_basic, serial_bayou,
          serial_bayou_pond_a, serial_bayou_shore_b, serial_bayou_lagoon_a,
          serial_bayou_pond_b, serial_park_tiny_pond, serial_bayou_pond_d,
          minivault_27
D:2:      layout_basic, uniq_robin, uniq_sigmund
D:3:      layout_basic, lemuel_crystal_altar, nicolae_dithmenos_shadow_blocks,
          uniq_natasha
D:4:      layout_loops_ring, marbit_many_paths
